 Dungeon Crawl Stone Soup version 0.18-a0-1125-g2bdabe5 (webtiles) character file.

110 Arkorax the Insei (level 4, 0/41 HPs)
             Began as a Draconian Monk on Jan 20, 2016.
             Slain by a hobgoblin (3 damage)
             ... on level 2 of the Dungeon.
             The game lasted 00:02:57 (2085 turns).

Arkorax the Insei (Draconian Monk)                  Turns: 2085, Time: 00:02:57

Health: 0/41       AC:  5    Str: 13    XL:     4   Next: 61%
Magic:  4/4        EV: 12    Int: 11    God:
Gold:   95         SH:  0    Dex: 14    Spells: 0 memorised, 3 levels left

rFire  . . .     SeeInvis .       - Unarmed
rCold  . . .     Gourm    .     (armour unavailable)
rNeg   . . .     Faith    .     (no shield)
rPois  .         Spirit   .     (helmet restricted)
rElec  .         Dismiss  .     (no cloak)
rCorr  .         Reflect  .     (no gloves)
SustAt .         Harm     .     (no boots)
MR     .....                    (no amulet)
Stlth  +.........               (no ring)
                                (no ring)

@: heavily drained, not resistant to hostile enchantments, very unstealthy
A: unfitting armour, cold-blooded, AC +5
a: no special abilities


You were on level 2 of the Dungeon.
You were hungry.

You visited 1 branch of the dungeon, and saw 2 of its levels.

You collected 95 gold pieces.

Inventory:

Scrolls
 b - 2 scrolls of random uselessness {unknown}
 c - 2 scrolls of enchant weapon {unknown}
 d - a scroll of noise {unknown}
 f - a scroll of enchant armour {unknown}
 h - a scroll of remove curse {unknown}
 m - a scroll of immolation {unknown}
 n - a scroll of fog {unknown}
 o - a scroll of identify {unknown}
Potions
 e - a potion of heal wounds {unknown}
 g - a potion of mutation {unknown}
 i - a potion of cure mutation {unknown}
 j - a potion of ambrosia {unknown}
 k - a potion of lignification {unknown}
 l - a potion of beneficial mutation {unknown}
 p - 2 potions of curing {unknown}
Comestibles
 a - a bread ration


   Skills:
 * Level 4.4(2.4) Fighting
 + Level 3.3(1.4) Dodging
 - Level 1.7(0.0) Stealth
 * Level 4.8(2.8) Unarmed Combat


You had 3 spell levels left.
You didn't know any spells.

Dungeon Overview and Level Annotations

Branches:
Dungeon (2/15)

Altars:
Zin


Innate Abilities, Weirdness & Mutations

Your plain brown scales are hard (AC +5).
Your body does not fit into most forms of armour.
You are cold-blooded and may be slowed by cold attacks.


Message History

The goblin is severely wounded.
The goblin misses you.
The quokka twitches its whiskers.
You closely miss the goblin.
Your tail-slap misses the goblin.
The goblin is severely wounded.
The goblin closely misses you.
You hit the goblin.
You kill the goblin!
You barely miss the hobgoblin.
The hobgoblin is heavily wounded.
The hobgoblin hits you.
* * * LOW HITPOINT WARNING * * *
You barely miss the hobgoblin.
The hobgoblin is heavily wounded.
The hobgoblin hits you.
* * * LOW HITPOINT WARNING * * *
You hit the hobgoblin.
The hobgoblin is severely wounded.
The hobgoblin hits you.
You die...

###########.###.#####
#...............#....
#.#####..##.....#.###
#.#####..##.#...#.###
#.##........#........
#.##.##..##.....#.##.
#.##.##..#####.##....
#...(..........#####.
####@###############.
##g# ... ##....
#.r###.... ..#.....
#......... ........
#......... ........
#†........ ........
#†)....... ........
#[........ ........
#......... ........


You could see a quokka and a hobgoblin.

Vanquished Creatures
  Jessica (D:2)
  A gnoll (D:1)
  An adder (D:2)
  4 bats
  3 giant cockroaches
  9 goblins
  8 hobgoblins
  13 jackals
  A quokka (D:2)
  3 giant newts
  8 kobolds
  5 rats
57 creatures vanquished.

Notes
Turn   | Place    | Note
--------------------------------------------------------------
     0 | D:1      | Arkorax the Draconian Monk began the quest for the Orb.
     0 | D:1      | Reached XP level 1. HP: 19/19 MP: 1/1
   309 | D:1      | Reached XP level 2. HP: 26/26 MP: 2/2
   802 | D:1      | Reached XP level 3. HP: 13/33 MP: 3/3
  1401 | D:2      | Found a glowing silver altar of Zin.
  1580 | D:2      | Reached XP level 4. HP: 13/40 MP: 4/4
  1910 | D:2      | Noticed Jessica
  1915 | D:2      | Killed Jessica
  2085 | D:2      | Slain by a hobgoblin

Vault maps used:
D:1:      roderic_octagonal_star, dk_noncrumbling_3, serial_park_tiny_pond,
          st_stairs_7
D:2:      zin_academy, wad_floor_pattern_2, uniq_jessica

Action                   |  1- 3 |  4- 6 || total
-------------------------+-------+-------++-------
Melee: Unarmed           |   152 |    54 ||   206
 Stab: Sleeping          |     4 |       ||     4
       Distracted        |       |     1 ||     1
  Eat: Chunk             |     1 |     2 ||     3
